 Dungeon Crawl Stone Soup version 0.29.1-1-gd02db6906a (webtiles) character file.

Game seed: 9398111965110558751

32 LustLizard the Shield-Bearer (level 3, -4/36 HPs)
             Began as a Troll Fighter on Sept 27, 2022.
             Slain by a goblin
             ... wielding a +0 club
             ... led by Robin
              (6 damage)
             ... on level 2 of the Dungeon.
             The game lasted 00:01:21 (764 turns).

LustLizard the Shield-Bearer (Troll Fighter)         Turns: 764, Time: 00:01:23

Health: -4/36      AC:  4    Str: 24    XL:     3   Next: 8%
Magic:  2/2        EV:  8    Int:  6    God:
Gold:   42         SH:  7    Dex:  9    Spells: 2/2 levels left

rFire   . . .      SeeInvis .     - Unarmed
rCold   . . .      Faith    .   b - +0 kite shield
rNeg    . . .      Spirit   .   a - +0 robe
rPois   .          Reflect  .   (helmet restricted)
rElec   .          Harm     .   (no cloak)
rCorr   .          Rampage  .   (gloves unavailable)
Will    .....                   (boots unavailable)
Stlth   +.........              (no amulet)
HPRegen 0.92/turn               (no ring)
MPRegen 0.08/turn               (no ring)

@: mighty
A: large, unfitting armour, claws 3, regeneration 1, shaggy fur 1, tough skin 1
a: no special abilities


You were on level 2 of the Dungeon.
You visited 1 branch of the dungeon, and saw 2 of its levels.

You collected 42 gold pieces.

Inventory:

Armour
 a - a +0 robe (worn)
 b - a +0 kite shield (worn)
Scrolls
 d - a scroll of poison {unknown}
 e - a scroll of silence
 f - a scroll of noise {unknown}
 j - a scroll of blinking {unknown}
Potions
 g - a potion of brilliance {unknown}
 h - a potion of lignification {unknown}
 i - a potion of haste {unknown}


   Skills:
 + Level 2.7 Fighting
 - Level 2.4 Dodging
 + Level 3.0 Shields
 * Level 2.9 Unarmed Combat


You had 2 spell levels left.
You didn't know any spells.
Your spell library was empty.

Dungeon Overview and Level Annotations

Branches:
Dungeon (2/15)

Altars:
Xom

Annotations:
D:2 Robin, Terence


Innate Abilities, Weirdness & Mutations

You are too large for most types of armour.
You have claws for hands.
Your natural rate of healing is unusually fast.
You are covered in fur. (AC +1)
You have tough skin. (AC +1)


Message History

The goblin shouts! x2
You scratch Sigmund.
Sigmund is severely wounded.
Robin says, "Bow before me, strongest of all the hobgoblins!"
Robin throws the goblin at you!
A goblin comes into view. It is wielding a +0 dagger.
You block Sigmund's attack. The goblin barely misses you.
You scratch Sigmund.
Sigmund is almost dead.
The goblin barely misses you. The goblin hits you with a +0 club.
A hobgoblin comes into view.
Robin throws the goblin at you! The goblin barely misses you.
You closely miss Sigmund.
Sigmund is almost dead.
You block Sigmund's attack.
The goblin hits you with a +0 dagger. x2
The goblin hits you with a +0 club. x2; The goblin hits you but does no damage.
You closely miss Sigmund.
Sigmund is almost dead.
You block the quokka's attack. Sigmund hits you with a +0 scythe!
The goblin barely misses you. You block the goblin's attack.
The goblin hits you with a +0 club. The goblin barely misses you.
The goblin hits you with a +0 club.
* * * LOW HITPOINT WARNING * * *
The quokka bites you but does no damage.
You mangle the goblin!!
You kill the goblin!
The quokka bites you but does no damage.
A goblin comes into view. It is wielding a +0 club.
The goblin closely misses you. The goblin hits you with a +0 dagger.
* * * LOW HITPOINT WARNING * * *
The goblin hits you with a +0 club.
* * * LOW HITPOINT WARNING * * *
You block the goblin's attack.
The goblin shouts!
You mangle Sigmund!!
You kill Sigmund!
The quokka bites you.
* * * LOW HITPOINT WARNING * * *
The goblin hits you but does no damage. The goblin hits you with a +0 club.
You die...

#........##..............
#........##..............
#............_...........
#........#......#.######
#........##.....#.#
#........########†#
#........########.#
#.........).....g)#
#########.....gg@g#
......g@r# ......ggg#
####..gg.. #.....g.
#........ ###..g....
#........


You could see Terence, Robin, a quokka, a hobgoblin (strong) and 10 goblins.

Vanquished Creatures
  Sigmund (D:2)
  A dart slug (D:1)
  4 endoplasms (D:1)
  2 giant cockroaches (D:1)
  3 goblins
  A hobgoblin (D:1)
  2 quokkas (D:1)
  A ball python (D:1)
  6 bats
  2 frilled lizards (D:1)
  3 kobolds (D:1)
  4 rats
30 creatures vanquished.

Notes
Turn   | Place    | Note
-------+----------+-------------------------------------------
     0 | D:1      | LustLizard the Troll Fighter began the quest for the Orb.
     0 | D:1      | Reached XP level 1. HP: 22/22 MP: 0/0
    93 | D:1      | Reached XP level 2. HP: 24/29 MP: 1/1
   335 | D:1      | Reached skill level 3 in Shields
   723 | D:2      | Reached XP level 3. HP: 36/36 MP: 2/2
   733 | D:2      | Found a shimmering altar of Xom.
   750 | D:2      | Noticed Sigmund
   756 | D:2      | Noticed Terence
   757 | D:2      | Noticed Robin
   764 | D:2      | Killed Sigmund
   764 | D:2      | Slain by a goblin

Illustrated notes

Levels and vault maps discovered:
D:1:      lemuel_arrival_broad_hall, layout_loops_ring, minmay_tromino_i4
D:2:      layout_basic, basic_altar, serial_shops, nicolae_shop_hallway_plus,
          st_stairs_10, grunt_ministairs_1,
          nicolae_concentric_dashed_squares_mild, uniq_sigmund, uniq_robin,
          uniq_terence

Skill      XL: |  1  2 |
---------------+-------+-----
Shields        | 3 |  3.0
Fighting       | |  2.7
Dodging        | |  2.4
Unarmed Combat | |  2.9

Action                   || total
-------------------------++-------
Melee: Unarmed           ||    77
  Use: Scroll            ||     1
       Potion            ||     1
 Stab: Sleeping          ||     1
Armor: Robe              ||    31
Dodge: Dodged            ||    30
Block: Kite shield       ||    35
